 Dungeon Crawl Stone Soup version 0.31.0-32-g396128a36d (webtiles) character file.

Game seed: 15679376607202696337

39 SacredBeard the Vexing (level 3, -8/24 HPs)
             Began as a Vampire Enchanter on Mar 31, 2024.
             Mangled by Terence
             ... wielding a +3 hand axe of electrocution
              (12 damage)
             ... on level 2 of the Dungeon.
             The game lasted 00:01:55 (765 turns).

SacredBeard the Vexing (Vampire Enchanter)           Turns: 765, Time: 00:01:56

Health: -8/24      AC: 15    Str:  7    XL:     3   Next: 26%
Magic:  6/6        EV:  3    Int: 19    God:
Gold:   96         SH:  0    Dex: 14    Spells: 6/6 levels left

rFire   . . .        e - +1 short sword (protect)
rCold   . . .        (no shield)
rNeg    . . .        h - +0 chain mail
rPois   .            (no helmet)
rElec   .            (no cloak)
rCorr   .            (no gloves)
SInv    +            (no boots)
Will    .....        (no amulet) Stlth
                     (no ring)
HPRegen 0.44/turn    (no ring)
MPRegen 0.10/turn

%: no passive effects
@: under a protective aura, healing quickly, invisible
A: alive, fangs 3, see invisible, vampiric 2
a: Exsanguinate


You were on level 2 of the Dungeon.
You visited 1 branch of the dungeon, and saw 2 of its levels.

You collected 96 gold pieces.

Inventory:

Hand Weapons
 e - a +1 short sword of protection (weapon)
Missiles
 b - 5 poisoned darts
 g - 3 stones (quivered)
Armour
 h - a +0 chain mail (worn)
Scrolls
 a - a scroll of revelation {unknown}
 d - 4 scrolls of identify {unknown}
 i - a scroll of poison {unknown}
Potions
 c - 2 potions of invisibility
 f - a potion of degeneration {unknown}
 j - a potion of enlightenment {unknown}


   Skills:
 + Level 3.6 Short Blades
 - Level 2.1 Dodging
 - Level 4.4 Stealth
 - Level 2.0 Spellcasting
 - Level 4.4 Hexes


You had 6 spell levels left.
You didn't know any spells.
Your spell library contained the following spells:

 Spells                   Type           Power      Damage    Failure   Level
 Ensorcelled Hibernation  Hex/Ice        20%        N/A       100%        2
 Confusing Touch          Hex            18%        N/A       100%        3
 Dazzling Flash           Conj/Hex       20%        N/A       100%        3
 Tukima's Dance           Hex            18%        N/A       100%        3
 Chain Lightning          Conj/Air       0%         2d1       100%        9
 Fire Storm               Conj/Fire      0%         6d1       100%        9
 Shatter                  Erth           0%         3d5*      100%        9


Dungeon Overview and Level Annotations

Branches:
Dungeon (2/15)

Altars:

Annotations:
D:2 Terence


Innate Abilities, Weirdness & Mutations

Your natural rate of healing is accelerated.
You have razor-sharp teeth.
You have supernaturally acute eyesight. (SInv)
You are afflicted with vampirism and can become a bat while bloodless.


Message History

Terence screams, "I want your blood!" Terence hits you but does no damage.
You hit Terence.
Terence is moderately wounded.
You hit Terence but do no damage.
Terence is moderately wounded.
Terence hits you but does no damage.
You barely miss Terence.
Terence is moderately wounded.
Terence hits you but does no damage.
You hit Terence but do no damage. Your bite misses Terence.
Terence is moderately wounded.
Terence barely misses you.
You hit Terence but do no damage.
Terence is moderately wounded.
Terence hits you but does no damage.
You barely miss Terence. You bite Terence, but do no damage.
Terence is lightly wounded.
You catch the helpless Terence completely off-guard!
You hit Terence.
Terence is heavily wounded.
Terence hits you with a +3 hand axe of electrocution!
You catch the helpless Terence completely off-guard!
You puncture Terence!
Terence is almost dead.
Terence barely misses you.
You hit Terence but do no damage.
Terence is almost dead.
Terence hits you but does no damage.
You are electrocuted!
Ouch! That really hurt!
* * * LOW HITPOINT WARNING * * *
You are too injured to fight recklessly!
You are too injured to fight recklessly!
You are too injured to fight recklessly!
You barely miss Terence.
Terence is almost dead.
Terence hits you but does no damage.
You are electrocuted!
Ouch! That really hurt!
You die...
Terence says, "Time to find some more victims."

.#.# ...######
#.....# ...[....#
##.....# .######...
.......# .#########
......# .##.......
#.....# ..#.......
#.....# ..........
#..@..# ..........
#.@...# .#..######
##.#### .#.......#
#..# .........# #.##
.........# #.#
.........######.#####
.........#..........#
.........#..........#
#...................#


You could see Terence (unable to see you).

Vanquished Creatures
  A bat (D:2)
  3 giant cockroaches (D:1)
  6 goblins
  5 hobgoblins
  6 jackals (D:1)
  2 kobolds (D:1)
  A quokka (D:2)
  A frilled lizard (D:1)
  7 rats (D:1)
32 creatures vanquished.

Notes
Turn   | Place    | Note
-------+----------+-------------------------------------------
     0 | D:1      | SacredBeard the Vampire Enchanter began the quest for the
                  | Orb.
     0 | D:1      | Reached XP level 1. HP: 13/13 MP: 3/3
    93 | D:1      | Reached XP level 2. HP: 18/19 MP: 5/5
   327 | D:1      | Gained mutation: You are afflicted with vampirism and can
                  | become a bat while bloodless. [Vampire growth]
   327 | D:1      | Reached XP level 3. HP: 24/24 MP: 6/6
   746 | D:2      | Noticed Terence
   765 | D:2      | Mangled by Terence

Illustrated notes

Levels and vault maps discovered:
D:1:      grunt_arrival_lava_bath, layout_rooms, st_stairs_7
D:2:      layout_rooms, uniq_terence

Skill      XL: |  1  2 |
---------------+-------+-----
Short Blades   | 2 3 |  3.6
Dodging        | |  2.1
Stealth        | |  4.4
Spellcasting   | |  2.0
Hexes          | |  4.4

Action                     || total
---------------------------++-------
  Melee: Short sword       ||   126
         Bite              ||     8
         Dagger            ||     1
    Use: Potion            ||     1
   Stab: Sleeping          ||     1
         Invisible         ||     3
 Armour: Robe              ||    31
         Chain mail        ||    65
  Dodge: Dodged            ||    37
